 Dungeon Crawl Stone Soup version 0.31.0-7-gf635a9b802 (webtiles) character file.

Game seed: 18238584148029116390

56 Amaterasu the Magician (level 4, -1/33 HPs)
             Began as a Djinni Fire Elementalist on Jan 23, 2024.
             Slain by Jessica
             ... wielding a +6 dagger of speed
              (9 damage)
             ... on level 3 of the Dungeon.
             The game lasted 00:06:13 (1836 turns).

Amaterasu the Magician (Djinni Fire Elementalist)   Turns: 1836, Time: 00:06:14

Health: -1/33      AC:  2    Str:  7    XL:     4   Next: 17%
Gold:   125        EV: 12    Int: 18    God:
                   SH:  0    Dex: 14

rFire   + + .        (no weapon)
rCold   x . .        (no shield)
rNeg    . . .        a - +0 robe
rPois   ∞            (no helmet)
rElec   .            (no cloak)
rCorr   .            (no gloves)
SInv    .            (boots unavailable)
Will    .....        (no amulet)
Stlth   ++           (no ring)
HPRegen 0.25/turn    (no ring)
MPRegen 0.00/turn

%: infuse magic (-2 HP)
@: flying, very slightly contaminated
A: sickness immunity, fire resistance 2, cold vulnerability 1, float, innate
caster, HP casting, extra vitality 1
a: no special abilities


You were on level 3 of the Dungeon.
You visited 1 branch of the dungeon, and saw 3 of its levels.

You collected 125 gold pieces.

Inventory:

Armour
 a - a +0 robe (worn)
Jewellery
 b - a +6 ring of dexterity
Talismans
 e - a flux talisman
Wands
 m - a wand of paralysis (3)
 o - a wand of flame (20)
Scrolls
 c - a scroll of enchant weapon
 k - a scroll of teleportation
 n - a scroll of identify {unknown}
Potions
 d - a potion of degeneration {unknown}
 f - 2 potions of mutation {unknown}
 g - a potion of brilliance {unknown}
 h - 2 potions of attraction {unknown}
 i - a potion of cancellation {unknown}
 j - a potion of heal wounds {unknown}
 l - a potion of resistance {unknown}


   Skills:
 * Level 2.1 Fighting
 - Level 2.2 Dodging
 - Level 1.6 Stealth
 * Level 3.7 Spellcasting
 * Level 3.7 Conjurations
 * Level 3.7 Hexes
 * Level 3.7 Summonings
 * Level 3.7 Necromancy
 * Level 3.7 Translocations
 * Level 3.7 Fire Magic
 * Level 3.7 Ice Magic
 * Level 3.7 Air Magic
 * Level 3.7 Earth Magic
 * Level 3.7 Alchemy


You knew the following spells:

 Your Spells              Type           Power      Damage    Failure   Level
a - Foxfire               Conj/Fire      64%        2x1d7     3%          1
b - Scorch                Fire           32%        2d6       4%          2
c - Volatile Blastmotes   Fire/Tloc      32%        2d12      10%         3
d - Inner Flame           Hex/Fire       16%        N/A       10%         3
e - Flame Wave            Conj/Fire      16%        2d7       32%         4
f - Apportation           Tloc           32%        N/A       3%          1
Your spell library was empty.

Dungeon Overview and Level Annotations

Branches:
Dungeon (3/15)

Altars:

Annotations:
D:3 Jessica


Innate Abilities, Weirdness & Mutations

You are immune to sickness and miasma.
You are immune to poison.
Your flesh is very heat resistant. (rF++)
You are vulnerable to cold. (rC-)
You float through the air rather than walking.
You learn spells naturally, not from books.
Your magical power is your life essence.
You have superior vitality. (+4 MHP)


Message History

You are very lightly contaminated with residual magic.
Nothing appears to happen.
Casting: Volatile Blastmotes (quite dangerous; 11% risk of failure)
Confirm with . or Enter, or press ? or * to list all spells.
A cloud of volatile blastmotes flares up around you!
Run!
Jessica looks very angry.
Jessica mumbles some strange words.
Jessica seems to speed up.
The cloud of blastmotes explodes!
The concussive blast engulfs the gnoll!
The gnoll is severely wounded.
Casting: Volatile Blastmotes (quite dangerous; 11% risk of failure)
Confirm with . or Enter, or press ? or * to list all spells.
Flames lash the gnoll.
You kill the gnoll!
You have reached level 4!
You feel agile.
Casting: Scorch (safe; 4% risk of failure)
Confirm with . or Enter, or press ? or * to list all spells.
Flames lash Jessica.
Jessica is severely wounded.
Jessica's fire resistance burns away.
Casting: Scorch (safe; 4% risk of failure)
Confirm with . or Enter, or press ? or * to list all spells.
You miscast Scorch.
Nothing appears to happen.
Jessica hits you with a +6 dagger of speed.
Jessica barely misses you.
Casting: Scorch (safe; 4% risk of failure)
Confirm with . or Enter, or press ? or * to list all spells.
Flames lash the gnoll.
The gnoll is almost dead.
The gnoll's fire resistance burns away.
Jessica gestures wildly.
Jessica closely misses you.
Jessica hits you with a +6 dagger of speed.
* * * LOW HITPOINT WARNING * * *
Jessica misses you.
Jessica is no longer more vulnerable to fire.
Jessica attacks as she pursues you! Jessica closely misses you.
Jessica hits you with a +6 dagger of speed!
You die...

#########....# #.#.#
######....# ##.#.#
#.........# #####..#.# ##
#.........# #<.......# .#
#.......### ####.##..#
.#########.# #.# ..#
...........# ##...# ..#
...##############...####..#
##.####.....wg.@@.........#
......#.########..######...
≈≈≈≈≈...########.##
≈≈≈≈≈≈≈...........
≈≈≈≈≈≈≈#...###.####
#≈≈≈≈≈##.g.# #≈≈≈≈##.#@g#
#≈≈≈##.# ≈.... #≈≈≈#.#
≈.#w..g


You could see a ribbon worm, a gnoll (combustible) and Jessica (fast).

Vanquished Creatures
  A gnoll (D:3)
  3 dart slugs
  5 endoplasms
  3 giant cockroaches
  3 hobgoblins
  2 quokkas
  6 ball pythons
  5 bats
  A frilled lizard (D:1)
  2 goblins
  2 kobolds
  5 rats
38 creatures vanquished.

Vanquished Creatures (others)
  78 foxfires
78 creatures vanquished.

Grand Total: 116 creatures vanquished

Notes
Turn   | Place    | Note
-------+----------+-------------------------------------------
     0 | D:1      | Amaterasu the Djinni Fire Elementalist began the quest for
                  | the Orb.
     0 | D:1      | Amaterasu set off with the following spells memorised:
                  | Foxfire, Scorch, Volatile Blastmotes, Inner Flame, Flame
                  | Wave.
     0 | D:1      | Reached XP level 1. HP: 15/15 MP: 0/0
   209 | D:1      | Reached XP level 2. HP: 17/22 MP: 0/0
   293 | D:1      | Reached skill level 1 in Fighting
   535 | D:1      | Reached XP level 3. HP: 26/27 MP: 0/0
   535 | D:1      | Learned a level 1 spell: Apportation
  1757 | D:3      | Found a faded altar of an unknown god.
  1816 | D:3      | Noticed Jessica
  1832 | D:3      | Reached XP level 4. HP: 23/33 MP: 0/0
  1836 | D:3      | Slain by Jessica

Illustrated notes

Levels and vault maps discovered:
D:1:      hellmonk_arrival_library, layout_loops_ring, minivault_4
D:2:      layout_loops_ring
D:3:      layout_basic, ebering_ecumenical_altar_rust, grunt_decor_junction,
          minmay_misc_feat_five, uniq_jessica, uniq_sigmund

Skill      XL: |  1  2  3 |
---------------+----------+-----
Fighting       | 1 2 |  2.1
Dodging        | |  2.2
Stealth        | |  1.6
Spellcasting   | |  3.7
Conjurations   | |  3.7
Hexes          | |  3.7
Summonings     | |  3.7
Necromancy     | |  3.7
Translocations | |  3.7
Fire Magic     | |  3.7
Ice Magic      | |  3.7
Air Magic      | |  3.7
Earth Magic    | |  3.7
Alchemy        | |  3.7

Action                     |  1- 3 |  4- 6 || total
---------------------------+-------+-------++-------
  Melee: Unarmed           |    12 |       ||    12
   Cast: Foxfire           |    50 |       ||    50
         Scorch            |     4 |     2 ||     6
         Volatile Blastmot |     2 |       ||     2
    Use: Scroll            |     3 |       ||     3
 Armour: Robe              |    10 |     3 ||    13
  Dodge: Dodged            |    20 |     4 ||    24
